 Dungeon Crawl Stone Soup version 0.31-a0-167-g1c394c0614 (webtiles) character file.

Game seed: 8342636896564490959

8 qw the Shooter (level 2, 0/17 HPs)
             Began as a Gargoyle Hunter on June 14, 2023.
             Slain by a goblin
             ... wielding a +0 club
             ... led by Robin
              (5 damage)
             ... on level 2 of the Dungeon.
             The game lasted 00:00:05 (480 turns).

qw the Shooter (Gargoyle Hunter)                     Turns: 480, Time: 00:00:06

Health: 0/17       AC:  5    Str: 14    XL:     2   Next: 8%
Magic:  2/2        EV: 11    Int:  9    God:
Gold:   41         SH:  0    Dex: 13    Spells: 1/1 levels left

rFire   . . .        a - +0 shortbow
rCold   . . .        (shield currently unavailable)
rNeg    + . .        c - +0 leather armour
rPois   inf          (no helmet)
rElec   +            (no cloak)
rCorr   .            (no gloves)
SInv    .            (no boots)
Will    .....        (no amulet)
Stlth   +            (no ring)
HPRegen 0.22/turn    (no ring)
MPRegen 0.08/turn

%: no passive effects
@: no status effects
A: sickness immunity, AC +2, negative energy resistance 1, electricity
resistance, torment resistance 1, petrification resistance
a: no special abilities


You were on level 2 of the Dungeon.
You visited 1 branch of the dungeon, and saw 2 of its levels.

You collected 41 gold pieces.


Innate Abilities, Weirdness & Mutations

You are immune to sickness and miasma.
Your stone body is resilient. (AC +2)
You are immune to poison.
You resist negative energy. (rN+)
You are resistant to electric shocks. (rElec)
You are resistant to unholy torment.
You are immune to petrification.


   Skills:
 - Level 2.1 Fighting
 + Level 4.4 Ranged Weapons
 - Level 1.5 Dodging
 - Level 1.1 Stealth


You had one spell level left.
You didn't know any spells.
Your spell library was empty.

Inventory:

Hand Weapons
 a - a +0 shortbow (weapon)
Armour
 c - a +0 leather armour (worn)
 d - a +0 cloak
Scrolls
 b - a scroll of butterflies
 e - a scroll of fog {unknown}
 f - a scroll of identify {unknown}
 g - a scroll of revelation {unknown}
 h - a scroll of enchant weapon {unknown}

Dungeon Overview and Level Annotations

Branches:
Dungeon (1/15)

Altars:

Annotations:
D:2 Robin


Message History

A goblin comes into view. It is wielding a +0 club.
A hobgoblin comes into view.
You shoot an arrow. The arrow closely misses the goblin.
The adder hisses angrily.
The arrow hits the goblin.
You kill the goblin!
You hear a shout!
Robin of the Strong Arm comes into view.
They are wielding a +0 short sword.
You shoot an arrow. The arrow barely misses the goblin.
Robin throws the goblin at you!
A hobgoblin comes into view.
The goblin hits you but does no damage.
You shoot an arrow. The arrow completely misses the goblin.
The arrow barely misses the hobgoblin.
Robin throws the goblin at you! The goblin hits you but does no damage.
The goblin hits you with a club. The goblin closely misses you.
The goblin barely misses you. The goblin hits you with a +0 dagger.
The goblin hits you but does no damage.
You shoot an arrow. The arrow hits the adder!
The adder is severely wounded.
The adder closely misses you.
The goblin hits you but does no damage. x2
You shoot an arrow. The arrow closely misses the adder.
The adder bites you. The goblin closely misses you.
The goblin hits you with a +0 dagger.
A goblin comes into view. It is wielding a +0 club.
The hobgoblin closely misses you. The goblin misses you.
The adder closely misses you.
You shoot an arrow. The arrow closely misses the adder.
The goblin hits you with a +0 club. The adder closely misses you.
The goblin hits you but does no damage. The hobgoblin closely misses you.
The goblin completely misses you.
You shoot an arrow. The arrow barely misses the adder.
The adder barely misses you. The goblin barely misses you.
A goblin comes into view. It is wielding a +0 club.
The hobgoblin closely misses you. The goblin completely misses you.
The goblin hits you with a +0 club. The adder bites you but does no damage.
Robin roars a battlecry!
The goblins go into a battle-frenzy!
The goblin hits you with a +0 club. x2
You die...

#.##.# ### #####.##)#
...# #........#
###.####.###.##.#
.........###.##.#
###.#...........####
#>.####.####...........#
#....gSgg........#####.#
###@g....###.####...
#g###### #......#. #g#
#.####...


gg# ##.# #).. #.# .... #.# ##... #.# ##### #.. ### You could see Robin, an
adder, 2 hobgoblins and 5 goblins.

Vanquished Creatures
  A giant cockroach (D:2)
  3 goblins (D:2)
  A hobgoblin (D:1)
  A ball python (D:2)
  A rat (D:1)
7 creatures vanquished.

Notes
Turn   | Place    | Note
-------+----------+-------------------------------------------
     0 | D:1      | qw the Gargoyle Hunter began the quest for the Orb.
     0 | D:1      | Reached XP level 1. HP: 12/12 MP: 1/1
     0 | D:1      | 0 ||| qw: Version: 0.2-a-29-g1fa15c8
     0 | D:1      | 0 ||| qw: Game counter: 5151
     0 | D:1      | 0 ||| qw: Always use a shield: true
     0 | D:1      | 0 ||| qw: God list: Okawaru
     0 | D:1      | 0 ||| qw: Allow faded altars: false
     0 | D:1      | 0 ||| qw: Do Orc after D:15 true
     0 | D:1      | 0 ||| qw: Do second Lair branch before Depths: true
     0 | D:1      | 0 ||| qw: Lair rune preference: random
     0 | D:1      | 0 ||| qw: Plans: Normal, Zot:1-4, Slime:5, God:TSO, Crypt,
                  | Tomb, Abyss, Pan, Hells, Win
     0 | D:1      | 0 ||| PLANNING D:1-11
   370 | D:1      | You fall into a shaft and drop 1 floor!
   472 | D:2      | Reached XP level 2. HP: 17/17 MP: 2/2
   474 | D:2      | Noticed Robin
   480 | D:2      | Slain by a goblin

Levels and vault maps discovered:
D:1:      mrwooster_arrival_arrow, layout_basic,
          ebering_ecumenical_altar_abandoned, amcnicky_mini_pool_small,
          minmay_misc_feat_pillars, moated_statue
D:2:      layout_loops_ring, grunt_ministairs_12, st_stairs_4, minmay_cupped,
          uniq_robin

Action                     || total
---------------------------++-------
   Fire: Shortbow          ||    22
 Armour: Leather armour    ||     9
  Dodge: Dodged            ||    15

Table legend:
 A = Non-vault XP
 B = Vault XP
 C = Vault XP percentage of total XP
 D = Non-vault monster count
 E = Vault monster count
 F = Vault count percentage of total count
                 A         B        C        D         E       F
            +---------+---------+-------+---------+---------+-------
      Total |       6 |       6 |  50.0 |       4 |       3 |  42.9
            +---------+---------+-------+---------+---------+-------
        D:1 |       3 |       0 |   0.0 |       2 |       0 |   0.0
        D:2 |       3 |       6 |  66.7 |       2 |       3 |  60.0
            +---------+---------+-------+---------+---------+-------
